AoeStats
← Abraham Lincoln

Black Forest

505574017Analyzed
4v4 RM · 22d ago on Sep 10, 2026· 73m 34s· 8 players
Game mode
Random Map
Map size
Large (8 player)
Population
200
Speed
Normal
Resources
Standard
Victory
Conquest
Starting age
Dark Age
Ending age
Imperial Age
RankedLock teamsTeams togetherTeam positionsShared explorationLock speedFull tech treeHidden civsTurbo modeCheats
Victory
Defeat
🇺🇸 Romans · United States
970
+11
🇺🇸 Bohemians · United States
919
+13
🇺🇸 Khmer · United States
904
+14
🇺🇸 Turks · United States
840
+17
885
-15
🇧🇷 Vietnamese · Brazil
857
-14
🇲🇽 Byzantines · Mexico
845
-13
🇧🇷 Cumans · Brazil
831
-13
make wall ,door and market well?
0:28 Loom
12:39 Feudal Age
17:40 Castle Age
16:49 Double-Bit Axe
32:30 Imperial Age
30:36 Wheelbarrow
30:48 Bow Saw
31:43 Hand Cart
31:38 Town Watch
32:13 Bloodlines
32:04 Husbandry
32:04 Gold Mining
32:31 Elite Monaspa
33:33 Conscription
33:37 Town Patrol
34:20 Aznauri Cavalry
34:44 Stone Mining
34:57 Horse Collar
35:40 Heavy Plow
37:25 Crop Rotation
36:59 Caravan
37:07 Scale Barding Armor
37:13 Forging
38:46 Chain Barding Armor
39:08 Hoardings
40:08 Iron Casting
42:17 Fortified Wall
42:03 Murder Holes
41:49 Treadmill Crane
42:20 Masonry
42:16 Siege Engineers
43:19 Plate Barding Armor
43:56 Blast Furnace
ocelopilli Luis
0:29 Loom
16:12 Feudal Age
20:39 Double-Bit Axe
21:13 Horse Collar
21:30 Gold Mining
23:44 Castle Age
22:02 Stone Mining
24:52 Bow Saw
24:48 Heavy Plow
35:37 Imperial Age
34:22 Scale Barding Armor
34:28 Forging
34:09 Fletching
35:22 Gold Shaft Mining
35:24 Stone Shaft Mining
37:05 Wheelbarrow
37:26 Conscription
37:18 Logistica
38:24 Hand Cart
39:28 Two-Man Saw
39:22 Husbandry
39:42 Elite Cataphract
42:59 Chemistry
42:20 Ballistics
41:41 Treadmill Crane
43:57 Chain Barding Armor
44:13 Iron Casting
46:05 Caravan
46:20 Guilds
51:53 Elite Skirmisher
53:43 Bodkin Arrow
53:49 Padded Archer Armor
gM1
9:55 Feudal Age
10:41 Double-Bit Axe
10:41 Horse Collar
13:45 Horse Collar
16:50 Fletching
17:16 Gold Mining
19:31 Wheelbarrow
22:55 Castle Age
23:42 Crossbowman
24:32 Thumb Ring
24:53 Bodkin Arrow
26:35 Hand Cart
26:25 Town Watch
26:27 Loom
35:15 Imperial Age
36:22 Heavy Plow
36:38 Bow Saw
36:53 Forging
38:22 Elite Battle Elephant
39:42 Husbandry
39:53 Bloodlines
41:59 Elite Rattan Archer
44:17 Crop Rotation
45:41 Padded Archer Armor
45:42 Bracer
46:48 Iron Casting
46:25 Stone Mining
47:15 Scale Barding Armor
47:32 Caravan
49:20 Treadmill Crane
50:43 Chemistry
50:04 Ballistics
49:25 Treadmill Crane
49:48 Town Patrol
49:51 Chatras
50:47 Paper Money
51:22 Hoardings
51:57 Two-Man Saw
52:41 Illumination
52:37 Block Printing
52:27 Herbal Medicine
53:34 Guilds
53:55 Coinage
52:58 Pikeman
53:40 Squires
54:11 Bombard Tower
54:16 Chain Barding Armor
54:12 Leather Archer Armor
57:47 Guard Tower
70:16 Halberdier
BIRIBINHA
10:10 Feudal Age
10:46 Double-Bit Axe
11:18 Horse Collar
16:04 Wheelbarrow
23:03 Castle Age
20:49 Loom
23:53 Forging
23:43 Scale Mail Armor
24:02 Hand Cart
23:33 Town Watch
24:12 Man-at-Arms
25:20 Capped Ram
29:18 Bow Saw
30:23 Gold Mining
30:24 Stone Mining
33:05 Iron Casting
32:45 Chain Mail Armor
33:38 Pikeman
34:19 Squires
33:39 Long Swordsman
40:45 Imperial Age
40:51 Siege Ram
40:52 Onager
41:47 Heavy Plow
42:28 Gold Shaft Mining
42:56 Two-Man Saw
41:52 Halberdier
41:53 Two-Handed Swordsman
42:43 Champion
48:26 Blast Furnace
47:57 Plate Mail Armor
48:23 Steppe Husbandry
47:54 Sappers
61:15 Caravan
61:46 Coinage
61:26 Guilds
Abraham Lincoln
0:43 Loom
14:42 Feudal Age
20:17 Castle Age
18:50 Double-Bit Axe
27:00 Fletching
28:01 Bodkin Arrow
30:59 Bow Saw
30:37 Horse Collar
35:01 Imperial Age
33:12 Wheelbarrow
32:22 Town Watch
32:42 Pikeman
33:25 Squires
33:10 Arson
35:24 Chemistry
34:49 Ballistics
34:47 Masonry
34:22 Treadmill Crane
35:30 Heavy Plow
37:07 Hand Cart
36:53 Town Patrol
38:21 Halberdier
39:32 Caravan
40:02 Elite Hussite Wagon
41:02 Scale Mail Armor
41:13 Forging
41:03 Bracer
42:46 Two-Man Saw
44:01 Wagenburg Tactics
43:58 Houfnice
46:23 Chain Mail Armor
46:44 Iron Casting
46:09 Bracer
49:40 Hussite Reforms
51:59 Conscription
54:33 Redemption
54:26 Atonement
54:37 Fervor
54:44 Block Printing
54:57 Illumination
54:33 Devotion
54:57 Sanctity
55:17 Theocracy
72:42 Plate Mail Armor
73:13 Blast Furnace
WoodroWilson
0:48 Loom
14:21 Feudal Age
15:11 Double-Bit Axe
16:13 Man-at-Arms
17:19 Horse Collar
21:15 Scale Mail Armor
29:17 Castle Age
28:34 Wheelbarrow
30:05 Fletching
31:01 Bodkin Arrow
31:10 Padded Archer Armor
31:02 Town Watch
31:55 Bow Saw
32:09 Elite Skirmisher
33:36 Leather Archer Armor
38:37 Imperial Age
36:16 Stone Mining
36:19 Gold Mining
36:34 Heavy Plow
39:19 Heavy Scorpion
40:49 Ring Archer Armor
42:25 Hand Cart
42:12 Town Patrol
43:05 Gold Shaft Mining
45:08 Ballistics
45:49 Chemistry
44:56 Siege Engineers
49:47 Ballistas
50:41 Fortified Wall
50:27 Murder Holes
50:43 Masonry
50:52 Forging
50:57 Chain Mail Armor
50:58 Caravan
54:11 Comitatenses
54:13 Conscription
55:28 Elite Centurion
56:15 Cavalier
58:32 Iron Casting
62:09 Scale Barding Armor
63:09 Blast Furnace
62:59 Fervor
67:00 Chain Barding Armor
71:01 Bloodlines
70:57 Husbandry
72:21 Architecture
72:31 Plate Barding Armor
Theodore Roosevelt
0:49 Loom
14:28 Feudal Age
17:42 Double-Bit Axe
24:01 Castle Age
22:51 Horse Collar
23:21 Scale Barding Armor
23:30 Bloodlines
28:41 Fishing Lines
30:20 Gold Mining
30:38 Fletching
30:49 Padded Archer Armor
31:10 Chain Barding Armor
31:01 Forging
33:41 Imperial Age
31:18 Heavy Plow
31:31 Bow Saw
33:26 Wheelbarrow
33:08 Padded Archer Armor
33:04 Bodkin Arrow
33:31 Chain Barding Armor
33:22 Forging
33:52 Squires
37:26 Thumb Ring
37:27 Husbandry
38:06 Hand Cart
42:54 Artillery
43:56 Plate Barding Armor
43:56 Iron Casting
43:38 Leather Archer Armor
46:16 Conscription
47:35 Blast Furnace
47:59 Bombard Tower
47:37 Murder Holes
48:05 Bombard Tower
50:08 Bracer
55:10 Heavy Camel Rider
58:40 Elite Janissary
64:04 Caravan
67:39 Gold Shaft Mining
Harry Truman
0:47 Loom
13:57 Feudal Age
14:32 Horse Collar
14:43 Double-Bit Axe
19:18 Wheelbarrow
21:30 Bloodlines
26:05 Fletching
26:15 Padded Archer Armor
30:18 Castle Age
30:26 Elite Skirmisher
35:40 Husbandry
40:22 Gold Mining
43:51 Stone Mining
45:36 Town Watch
46:09 Hand Cart
50:30 Forging
51:23 Town Watch
54:03 Caravan
56:22 Scale Barding Armor
57:05 Bow Saw
60:21 Imperial Age
58:21 Bow Saw
61:08 Double Crossbow
60:31 Elite Ballista Elephant
62:16 Chain Barding Armor
67:07 Chemistry
71:30 Siege Engineers
71:26 Pikeman
71:54 Arson
Connection lost

Rejoining the realm…

Still unreachable

The connection could not be restored.

Session expired

The server has moved on; the page needs a fresh start.